cohdb
Replays
Latest Replays
All Replays
Popular Replays
Top Player Replays
Match Explorer
How It Works
Community
CoH3 Stats
Reddit
Sign in to upload your games and track your stats! →
Sign in with Steam
Match 41353010
Unlisted
Match 41353010
Overview
Messages
Build Orders
End
Construct Barracks
Engineer Squad
1⁄4-ton 4x4 Truck
M1 Mortar Team
Riflemen Squad
Infantry Support Center
Selects Heavy Weapons
Riflemen Squad
Construct Motor Pool
M8 Greyhound Armored Car
Construct Medical Station
Grenade Package
M8 Greyhound Armored Car
M24 Chaffee Light Tank
Selects Assault Carriers
Selects Exchangeable Parts
Captain Retinue
M24 Chaffee Light Tank
Selects M2HB .50cal Heavy Machine Gun
Riflemen Squad
M1918 Browning Automatic Rifles
Advanced Logistics
Demolitions Package
Engineer Squad
Selects M26 Pershing Heavy Tank
M26 Pershing Heavy Tank
Selects Gallant Stand
Construct Tank Depot
Survival Training
桂妮薇尔
AI-Noob
The_Jonny_Boy94
STRATEGO
0
0
Comments
sign in to comment!
No comments posted yet!